 Dungeon Crawl Stone Soup version 0.32-a0-306-gfed3edf829 (webtiles) character file.

Game seed: 7642904911362881746

33804 Zeldest the Evangelist (level 13, -4/116 HPs)
             Began as a Mountain Dwarf Monk on Feb 14, 2024.
             Was an Elder of Beogh.
             Slain by Hilgar the orc apostle
             ... wielding a +2 glaive of venom
              (22 damage)
             ... on level 5 of the Lair of Beasts.
             The game lasted 00:31:48 (11358 turns).

Zeldest the Evangelist (Mountain Dwarf Monk)       Turns: 11358, Time: 00:31:48

Health: -4/116     AC: 13    Str: 27    XL:     13   Next: 38%
Magic:  24/25      EV: 10    Int: 12    God:    Beogh [****..]
Gold:   774        SH:  0    Dex: 18    Spells: 12/12 levels left

rFire   + . .        r - +6 mace of Joyful Slaughter {holy, Str+7 Int+2}
rCold   + + .        d - orb {light}
rNeg    . . .        w - +0 chain mail
rPois   .            (no helmet)
rElec   .            i - +1 cloak
rCorr   .            y - +0 pair of gloves
SInv    .            (no boots)
Will    +....        m - amulet "Deost" {rF+ rC+ Regen+ Str+2 Int-2} Stlth
                     k - ring of protection from cold
HPRegen 1.19/turn    p - +6 ring of dexterity
MPRegen 0.19/turn

%: no passive effects
@: lethally poisoned (-4 -> -24), glowing
A: runic magic, artefact enchanting
a: Renounce Religion, Smiting, Recall Apostles, Dismiss Boderik, warrior,
Dismiss Alork, warrior


You were on level 5 of the Lair of Beasts.
You worshipped Beogh.
Beogh was greatly pleased with you.
You visited 2 branches of the dungeon, and saw 15 of its levels.

You collected 774 gold pieces.

Inventory:

Hand Weapons
 r - the +6 mace of Joyful Slaughter (weapon) {holy, Str+7 Int+2}
   (You found it on level 7 of the Dungeon)

   Str+7:     It affects your strength (+7).
   Int+2:     It affects your intelligence (+2).
 s - a +1 hand axe of venom
Missiles
 b - a curare-tipped dart (quivered)
 f - 38 poisoned darts
 F - 2 throwing nets
Armour
 d - an orb of light (worn)
 i - a +1 cloak (worn)
 w - a +0 chain mail (worn)
 y - a +0 pair of gloves (worn)
 J - a +0 tower shield
Jewellery
 a - an amulet of guardian spirit
 k - a ring of protection from cold (left hand)
 m - the amulet "Deost" (around neck) {rF+ rC+ Regen+ Str+2 Int-2}
   (You found it on level 3 of the Dungeon)

   [amulet of regeneration]

   Str+2:     It affects your strength (+2).
   Int-2:     It affects your intelligence (-2).
   rF+:       It protects you from fire.
   rC+:       It protects you from cold.
   Regen+:    It increases your rate of health regeneration.
 p - a +6 ring of dexterity (right hand)
 B - a +6 ring of dexterity
Wands
 C - a wand of paralysis (9)
 H - a wand of flame (15)
Scrolls
 g - a scroll of fog
 l - 2 scrolls of revelation {unknown}
 n - a scroll of acquirement {unknown}
 t - a scroll of fear {unknown}
 u - 2 scrolls of enchant armour
 v - 2 scrolls of brand weapon {unknown}
 x - a scroll of immolation {unknown}
 A - a scroll of silence {unknown}
 E - 2 scrolls of vulnerability {unknown}
 G - 2 scrolls of enchant weapon {unknown}
Potions
 e - 3 potions of brilliance
 o - 2 potions of mutation


   Skills:
 + Level 11.2 Fighting
 * Level 16.5 Axes
 - Level 5.8 Armour
 - Level 3.0 Dodging
 + Level 7.1 Shields
 * Level 17.0 Invocations


You had 12 spell levels left.
You didn't know any spells.
Your spell library contained the following spells:

 Spells                   Type           Power      Damage    Failure   Level
 Shock                    Conj/Air       0%         1d3       43%         1
 Fugue of the Fallen      Necr           0%         N/A       80%         3
 Inner Flame              Hex/Fire       0%         N/A       80%         3
 Ozocubu's Armour         Ice            0%         N/A       80%         3
 Swiftness                Air            0%         N/A       80%         3
 Airstrike                Air            0%         2d(0-16)  99%         4
 Flame Wave               Conj/Fire      0%         2d4       99%         4
 Manifold Assault         Tloc           0%         N/A       99%         4
 Sticky Flame             Fire/Alch      0%         2d4       99%         4
 Metabolic Englaciation   Hex/Ice        0%         N/A       100%        5
 Sculpt Simulacrum        Ice/Alch       0%         N/A       100%        6


Dungeon Overview and Level Annotations

Branches:
Dungeon (11/15) Zot: 26292  Temple (0/1) D:6            Lair (3/5) D:11 Zot: 20630
  Snake (0/4) Lair:2          Orc (0/2) D:9
  Swamp: Lair:2-3    Shoals: Lair:2-3

Altars:
Cheibriados
Dithmenos
Elyvilon
Hepliaklqana
Kikubaaqudgha
Makhleb
Nemelex Xobeh
Okawaru
Ru
Vehumet
The Shining One


Innate Abilities, Weirdness & Mutations

Your facial features are unmistakably orcish.
Your spellcasting is much less encumbered by armour.
You can use scrolls of enchantment on lesser artefacts.


Message History

The walls and floor vibrate strangely for a moment.
A troll comes into view.
Okay, then.
An orc comes into view. It is wielding a +0 club.
Hilgar the orc apostle comes into view.
They are wielding a +2 glaive of venom.
Aiming: Paralyse
Press: ? - help, Shift-Dir - straight line, f - Hilgar
Aim: Hilgar the orc apostle, wielding a +2 glaive of venom and wearing a +4 plate armour (empowered by the touch of Beogh, chance to affect: 21%)
Okay, then.
As you read the scroll labelled FEBYIP VIXIUSI, it crumbles to dust.
It is a scroll of enchant armour.
Your +0 cloak glows green for a moment.
Okay, then.
Okay, then.
Nothing appears to have answered your call.
An orc comes into view. It is wielding a +0 hand axe.
Aiming: Paralyse
Press: ? - help, Shift-Dir - straight line, f - Hilgar
Aim: Hilgar the orc apostle, wielding a +2 glaive of venom and wearing a +4 plate armour (empowered by the touch of Beogh, haloed, chance to affect: 21%) Hilgar resists with almost no effort.
Hilgar hits you from afar with a +2 glaive of venom!!
You are poisoned.
Aiming: Paralyse
Press: ? - help, Shift-Dir - straight line, f/p - Hilgar
Aim: Hilgar the orc apostle, wielding a +2 glaive of venom and wearing a +4 plate armour (empowered by the touch of Beogh, haloed, chance to affect: 21%) Hilgar resists with almost no effort.
You feel very sick.
Hilgar hits you from afar with a +2 glaive of venom!!
* * * LOW HITPOINT WARNING * * *
You are lethally poisoned!
You completely miss the troll.
* * * LOW HITPOINT WARNING * * *
You feel extremely sick.
You sock the troll!
The troll is moderately wounded.
* * * LOW HITPOINT WARNING * * *
You feel extremely sick.
Hilgar hits you from afar with a +2 glaive of venom!!
You die...
Beogh appreciates Hilgar's killing of a heretic priest.

### #@### #### #
#T#.###...#..
#oo..........
##..............
##.............F
#................
#................
#.................
##.............FF.


You could see Hilgar the orc apostle (divinely empowered), a troll and an orc.

Vanquished Creatures
  A catoblepas (Lair:1)
  A hydra (Lair:5)
  2 two-headed ogres
  2 skysharks (Lair:5)
  A wolf spider (Lair:5)
  3 black mambas (Lair:5)
  7 elephants
  6 cane toads
  A rime drake (Lair:2)
  3 komodo dragons
  A hornet (D:10)
  A troll (D:11)
  A polar bear (Lair:5)
  4 blink frogs (Lair:5)
  5 wyverns (Lair:5)
  8 yaks
  Eustachio (D:4)
  A wraith (D:10)
  A steam dragon (D:8)
  2 vampire mosquitoes (D:10)
  5 water moccasins
  2 orc warriors
  2 black bears
  An ogre (D:6)
  2 ice beasts
  A wolf (Lair:1)
  A centaur (D:6)
  2 kobold brigands (D:6)
  4 bullfrogs
  4 scorpions
  4 wights
  4 killer bees
  An electric eel (D:7)
  A howler monkey (D:9)
  4 jellies
  6 bombardier beetles
  A hound (D:7)
  2 orc priests
  A sleepcap (D:5)
  An iguana (D:6)
  5 orc wizards
  2 gnolls
  10 adders
  A shadow imp (D:8)
  2 dart slugs (D:1)
  2 ribbon worms (D:4)
  5 orcs
  3 endoplasms
  2 giant cockroaches
  4 goblins
  3 hobgoblins
  3 quokkas
  6 ball pythons
  6 bats
  3 frilled lizards
  14 kobolds
  7 rats
179 creatures vanquished.

Vanquished Creatures (collateral kills)
  A hydra (D:11)
  Sonja (Lair:2)
  A skyshark (Lair:1)
  10 elephants
  2 cane toads
  A black mamba (Lair:1)
  2 unseen horrors
  Jeremiah (Lair:1)
  4 komodo dragons
  An efreet (D:10)
  A polar bear (Lair:2)
  4 blink frogs
  A shadow (D:11)
  2 wyverns
  20 yaks
  2 steam dragons
  2 basilisks (Lair:1)
  2 vampire mosquitoes (D:10)
  3 nagas (Lair:2)
  9 water moccasins
  2 orc warriors
  2 black bears
  5 wolves (Lair:1)
  2 kobold brigands
  13 bullfrogs
  2 gnoll sergeants
  A scorpion (D:11)
  5 wights
  3 killer bees
  2 howler monkeys (D:9)
  2 jellies (D:8)
  2 orc wizards
  11 gnolls
  An orc (D:8)
  A kobold (D:9)
124 creatures vanquished.

Vanquished Creatures (others)
  2 orc apostles (Lair:5)
  An orc warrior (D:10)
  An orc wizard (D:11)
  A dart slug (D:3)
  7 orcs
  A goblin (D:2)
  2 ball pythons (D:3)
15 creatures vanquished.

Grand Total: 318 creatures vanquished

Notes
Turn   | Place    | Note
-------+----------+-------------------------------------------
     0 | D:1      | Zeldest the Mountain Dwarf Monk began the quest for the
                  | Orb.
     0 | D:1      | Reached XP level 1. HP: 19/19 MP: 1/1
    72 | D:1      | Reached XP level 2. HP: 23/26 MP: 2/2
   490 | D:1      | Reached XP level 3. HP: 30/33 MP: 3/3
   645 | D:2      | Found a faded altar of an unknown god.
   728 | D:2      | Reached XP level 4. HP: 40/40 MP: 4/4
  1026 | D:3      | Reached skill level 5 in Axes
  1026 | D:3      | Reached XP level 5. HP: 31/47 MP: 5/5
  1119 | D:3      | Identified the amulet "Deost" {rF+ rC+ Regen+ Str+2 Int-2}
  1190 | D:3      | Found a burning altar of Makhleb.
  1248 | D:3      | Became a worshipper of Beogh the Shepherd
  1248 | D:3      | Reached * piety under Beogh
  1248 | D:3      | Reached ** piety under Beogh
  1364 | D:3      | Reached skill level 1 in Invocations
  1499 | D:3      | Found a sacrificial altar of Ru.
  1654 | D:3      | Reached skill level 2 in Invocations
  1665 | D:3      | Reached XP level 6. HP: 55/55 MP: 7/7
  1931 | D:3      | Reached skill level 5 in Fighting
  1969 | D:3      | Found a shadowy altar of Dithmenos.
  2116 | D:4      | Found a snail-covered altar of Cheibriados.
  2257 | D:4      | Found a hazy altar of Hepliaklqana.
  2292 | D:4      | Noticed Eustachio
  2302 | D:4      | Killed Eustachio
  2303 | D:4      | Reached skill level 3 in Invocations
  2418 | D:4      | You fall into a shaft and drop 1 floor!
  2418 | D:5      | Entered Level 5 of the Dungeon
  2453 | D:5      | Noticed an ice beast
  2459 | D:5      | Reached skill level 4 in Invocations
  2466 | D:5      | Killed an ice beast
  2467 | D:5      | Reached XP level 7. HP: 50/61 MP: 8/10
  2626 | D:5      | Found an ancient bone altar of Kikubaaqudgha.
  2663 | D:5      | Reached skill level 5 in Invocations
  2741 | D:5      | Found a sparkling altar of Nemelex Xobeh.
  2891 | D:5      | Found a glowing golden altar of the Shining One.
  3286 | D:6      | Reached skill level 6 in Invocations
  3349 | D:6      | Found an iron altar of Okawaru.
  3385 | D:6      | Reached XP level 8. HP: 70/70 MP: 12/12
  3764 | D:6      | Reached skill level 1 in Armour
  3764 | D:6      | Reached skill level 7 in Invocations
  3901 | D:6      | Reached *** piety under Beogh
  3952 | D:6      | Found a staircase to the Ecumenical Temple.
  3965 | D:6      | Identified the +9 plate armour of the Solstice {rElec rC+}
  3965 | D:6      | Noticed Boderik
  4044 | D:6      | Anointed Boderik the warrior as your apostle
  4599 | D:7      | Reached skill level 8 in Invocations
  4674 | D:7      | Reached XP level 9. HP: 78/78 MP: 15/15
  4809 | D:7      | Identified the +6 mace of Joyful Slaughter {holy, Str+7
                  | Int+2}
  4857 | D:7      | Noticed Urtork
  4998 | D:7      | Reached skill level 9 in Invocations
  5087 | D:8      | Identified the orb of the Spheres {guile, rElec}
  5101 | D:8      | Reached skill level 10 in Axes
  5184 | D:8      | Found a white marble altar of Elyvilon.
  5546 | D:8      | Reached skill level 10 in Invocations
  6070 | D:9      | Reached XP level 10. HP: 68/87 MP: 17/17
  6267 | D:9      | Noticed a two-headed ogre
  6275 | D:9      | Killed a two-headed ogre
  6276 | D:9      | Reached skill level 5 in Armour
  6276 | D:9      | Reached skill level 11 in Invocations
  6391 | D:9      | Found a staircase to the Orcish Mines.
  6514 | D:10     | Entered Level 10 of the Dungeon
  6514 | D:10     | Found a radiant altar of Vehumet.
  6535 | D:10     | Reached **** piety under Beogh
  6756 | D:10     | Paralysed by a hornet for 2 turns
  6786 | D:10     | Noticed a two-headed ogre
  6792 | D:10     | Killed a two-headed ogre
  6793 | D:10     | Reached skill level 12 in Invocations
  7383 | D:11     | Noticed an eight-headed hydra
  7397 | D:11     | Killed an eight-headed hydra
  7398 | D:11     | Reached XP level 11. HP: 14/95 MP: 20/20
  7485 | D:11     | Reached skill level 1 in Shields
  7756 | D:11     | Reached skill level 13 in Invocations
  7870 | D:11     | Found a staircase to the Lair.
  7965 | Lair:1   | Entered Level 1 of the Lair of Beasts
  8116 | Lair:1   | Noticed Alork
  8145 | Lair:1   | Anointed Alork the warrior as your apostle
  8146 | Lair:1   | HP: 7/145 [poisoned by Alork]
  8467 | Lair:1   | Noticed a catoblepas
  8480 | Lair:1   | Killed a catoblepas
  8806 | Lair:1   | Noticed a skyshark
  8815 | Lair:1   | Reached skill level 14 in Invocations
  8819 | Lair:1   | Killed a skyshark
  9144 | Lair:1   | Noticed Jeremiah
  9153 | Lair:1   | Reached XP level 12. HP: 106/106 MP: 22/22
  9156 | Lair:1   | Killed Jeremiah
  9501 | Lair:2   | Reached skill level 10 in Fighting
  9509 | Lair:2   | Reached ***** piety under Beogh
  9648 | Lair:2   | Noticed Sonja
  9658 | Lair:2   | Killed Sonja
  9659 | Lair:2   | Reached skill level 15 in Invocations
  9665 | Lair:2   | Reached skill level 5 in Shields
  9817 | Lair:2   | Found a staircase to the Snake Pit.
  9961 | Lair:2   | Reached skill level 15 in Axes
 10572 | Lair:3   | You fall into a shaft and drop 2 floors!
 10572 | Lair:5   | Entered Level 5 of the Lair of Beasts
 10637 | Lair:5   | Reached skill level 16 in Invocations
 10652 | Lair:5   | Your ally Boderik died
 10658 | Lair:5   | Noticed a seven-headed hydra
 10690 | Lair:5   | Your ally Alork died
 10724 | Lair:5   | Reached XP level 13. HP: 96/115 MP: 20/25
 11308 | Lair:5   | Reached skill level 17 in Invocations
 11358 | Lair:5   | Slain by Hilgar the orc apostle

Illustrated notes

Levels and vault maps discovered:
D:1:      scummos_arrival_forest, layout_rooms
D:2:      layout_rooms, hellmonk_ecumenical_altar_inner_sanctum,
          lemuel_flame_loot_1
D:3:      layout_basic, nicolae_ru_great_annihilating_truth,
          lemuel_coloured_pillars_altar, mainiacjoe_overflow_24_doors,
          grunt_ministairs_9
D:4:      layout_rooms, mainiacjoe_overflow_catwalk, lemuel_round_altar,
          uniq_eustachio
D:5:      layout_gridville, nicolae_overflow_hidden_temple,
          mainiacjoe_overflow_alcove_4, mainiacjoe_overflow_brackets
D:6:      layout_cave_pods, mainiacjoe_overflow_surrounded_room,
          minmay_temple_entry_enclosed_plants
D:7:      layout_loops_ring, kennysheep_generic_room_2
D:8:      layout_basic, elyvilon_altar_5, kennysheep_generic_room_6
D:9:      layout_cave_pools, david_orc_2
D:10:     layout_loops_ring, vehumet_altar_wand_db
D:11:     layout_roguey, grunt_lair_entry_orc_guard_hut
Lair:1:   layout_cave_pods, grunt_megastairs_5, uniq_jeremiah
Lair:2:   layout_cave_pods, nicolae_snake_entry_squirm,
          chequers_serial_rivers_small_a, uniq_sonja
Lair:3:   layout_loops_ring, minmay_shoals_entry_hut, gammafunk_ghost_grave,
          beast_lair_carwin_6, grunt_megastairs_2, infiniplex_staircase_pool
Lair:5:   hangedman_lair_tendril_chambers, layout_gridlike,
          nicolae_slime_entry_slimehenge, portal_ice_cave_entry_pillars_2,
          serial_bayou_shore_b

Skill      XL: |  1  2  3  4  5  6  7  8  9 10 11 12 13 |
---------------+----------------------------------------+-----
Axes           | 4 5 6 7 9 11 12 14 15 16 | 16.5
Fighting       | 4 5 6 7 8 9 10 11 | 11.2
Dodging        | 3 |  3.0
Invocations    | 2 4 6 8 10 12 14 16 17 | 17.0
Armour         | 2 4 5 |  5.8
Shields        | 4 6 7 |  7.1

Action                     |  1- 3 |  4- 6 |  7- 9 | 10-12 | 13-15 || total
---------------------------+-------+-------+-------+-------+-------++-------
  Melee: Hand axe          |    66 |   146 |   166 |       |       ||   378
         Mace              |       |       |    46 |   266 |   117 ||   429
  Throw: Dart              |       |       |       |       |     2 ||     2
 Invoke: Convert to Beogh  |       |     1 |       |       |       ||     1
         Recruit Apostle   |       |       |     1 |     1 |       ||     2
         Smiting           |       |       |       |     5 |    14 ||    19
         Recall Apostles   |       |       |       |     2 |     1 ||     3
  Evoke: Wand              |       |       |     9 |     6 |    15 ||    30
    Use: Scroll            |       |     7 |     1 |     4 |     2 ||    14
         Potion            |       |       |     4 |    10 |     1 ||    15
   Stab: Paralysed         |       |     2 |       |     6 |     2 ||    10
         Invisible         |       |     2 |       |       |       ||     2
         Distracted        |       |       |     1 |     4 |       ||     5
 Armour: Robe              |    40 |    72 |     7 |       |       ||   119
         Chain mail        |       |       |   164 |   348 |   142 ||   654
         Skin              |       |       |     9 |       |       ||     9
  Dodge: Dodged            |    44 |    72 |   101 |   174 |    68 ||   459

Table legend: (Time is in decaauts)
 A = Elapsed time spent in this place.
 B = Non-inter-level travel time spent in this place.
 C = Inter-level travel time spent in this place.
 D = Time resting spent in this place.
 E = Time spent auto-exploring this place.
 F = Levels seen in this place.
 G = Mean time per level.
                   A        B        C        D        E       F      G
               +--------+--------+--------+--------+--------+-----+--------+
         Total |  11333 |  10966 |    367 |   2014 |   6309 |  15 |  755.5 |
       Dungeon |   7965 |   7675 |    290 |    969 |   4917 |  11 |  724.1 |
          Lair |   3368 |   3291 |     77 |   1045 |   1392 |   4 |  842.0 |
               +--------+--------+--------+--------+--------+-----+--------+

Top non-repeatable levels by time:
  Lair:1: 1409 daAuts
     D:3: 1080 daAuts
  Lair:2: 1080 daAuts
     D:6: 956 daAuts
     D:8: 938 daAuts
     D:7: 783 daAuts
  Lair:5: 769 daAuts
     D:5: 754 daAuts
    D:10: 747 daAuts
    D:11: 707 daAuts
     D:1: 546 daAuts
     D:9: 502 daAuts
     D:4: 486 daAuts
     D:2: 462 daAuts
  Lair:3: 108 daAuts
